 Dungeon Crawl Stone Soup version 0.30.1-11-g7821555f0a (webtiles) character file.

Game seed: 4881593671181667878

0 pkoi the Conjurer (level 1, 0/14 HPs)
             Began as a Draconian Conjurer on Oct 27, 2023.
             Slain by a kobold
             ... wielding a +3 whip
              (4 damage)
             ... on level 1 of the Dungeon.
             The game lasted 00:00:16 (29 turns).

pkoi the Conjurer (Draconian Conjurer)                Turns: 29, Time: 00:00:16

Health: 0/14       AC:  4    Str:  9    XL:     1   Next: 8%
Magic:  1/3        EV: 12    Int: 18    God:
Gold:   0          SH:  0    Dex:  9    Spells: 3/4 levels left

rFire   . . .        (no weapon)
rCold   . . .        (no shield)
rNeg    . . .        (body armour unavailable)
rPois   .            (helmet restricted)
rElec   .            (no cloak)
rCorr   .            (no gloves)
SInv    .            (no boots)
Will    .....        (no amulet)
Stlth   ++           (no ring)
HPRegen 0.22/turn    (no ring)
MPRegen 0.08/turn

%: no passive effects
@: no status effects
A: AC +4, unfitting armour, cold-blooded
a: no special abilities


You were on level 1 of the Dungeon.
You visited 1 branch of the dungeon, and saw 1 of its levels.

Inventory:

Scrolls
 b - a scroll of teleportation {unknown}
Potions
 a - a potion of magic
 c - a potion of flight {unknown}


   Skills:
 - Level 1.7 Dodging
 - Level 1.7 Stealth
 - Level 2.0 Spellcasting
 + Level 4.0 Conjurations


You had 3 spell levels left.
You knew the following spells:

 Your Spells              Type           Power      Damage    Failure   Level
a - Magic Dart            Conj           64%        1d6       3%          1

Your spell library contained the following spells:

 Spells                   Type           Power      Damage    Failure   Level
 Searing Ray              Conj           32%        2d5       5%          2
 Dazzling Flash           Conj/Hex       18%        N/A       24%         3
 Fulminant Prism          Conj/Hex       4%         3d5       61%         4
 Iskenderun's Mystic Bla  Conj/Tloc      9%         2d4       61%         4


Dungeon Overview and Level Annotations

Branches:
Dungeon (1/15)

Altars:


Innate Abilities, Weirdness & Mutations

Your plain brown scales are hard. (AC +4)
You cannot fit into any form of body armour.
You are cold-blooded and may be slowed by cold attacks.


Message History

Found a stone staircase leading down.
b - a scroll labelled IMIAVA ABOH
c - a golden potion As you open the door, it creaks loudly!
You hear an angry hiss.
There is an open door here.
A ball python comes into view.
Found a scroll labelled JUSTRU VUNUASIN.
The magic dart hits the ball python.
The ball python is moderately wounded.
The ball python hisses angrily.
You hear a shout!
A kobold comes into view. It is wielding a +3 whip.
The magic dart hits the ball python.
The ball python is severely wounded.
You miscast Magic Dart.
You are very lightly contaminated with residual magic.
Nothing appears to happen.
The ball python bites you. The ball python closely misses you.
You are out of magic!
A hobgoblin comes into view.
Okay, then.
You barely miss the ball python.
The ball python is severely wounded.
The ball python barely misses you. The ball python closely misses you. x2
The ball python grabs you. The ball python constricts you.
The hobgoblin shouts!
You hit the ball python but do no damage.
The ball python is severely wounded.
A dart slug comes into view.
A quokka comes into view.
The ball python bites you. The ball python constricts you.
You hit the ball python.
You kill the ball python!
You hit the kobold but do no damage. The kobold hits you but does no damage.
You closely miss the kobold. The kobold misses you.
Your magical contamination has completely faded away.
You closely miss the kobold. The kobold barely misses you.
You hit the kobold but do no damage. The kobold misses you.
You barely miss the kobold. The kobold hits you with a +3 whip.
* * * LOW HITPOINT WARNING * * *
You hit the kobold but do no damage. The kobold hits you with a +3 whip.
You die...

###### #rK@.#
#g##'### ## #
#..
#.#.#♣♣♣♣♣#.#.#
..?#
#.............#
..##
#..♣..♣.♣..♣..
....
#≈#♣♣..~..♣♣#
...
#≈#P♣.≈~~.♣P#
#.
#≈#>..~8~..<#
#≈#P♣.~~~.♣P#


You could see a quokka, a hobgoblin and a kobold.

Vanquished Creatures
  A ball python (D:1)
1 creature vanquished.

Notes
Turn   | Place    | Note
-------+----------+-------------------------------------------
     0 | D:1      | pkoi the Draconian Conjurer began the quest for the Orb.
     0 | D:1      | Reached XP level 1. HP: 14/14 MP: 3/3
    29 | D:1      | Slain by a kobold

Illustrated notes

Levels and vault maps discovered:
D:1:      tarquinn_simple_flora_water_b, layout_basic

Action                     || total
---------------------------++-------
  Melee: Unarmed           ||     9
   Cast: Magic Dart        ||     2
 Armour: Skin              ||     1
  Dodge: Dodged            ||     7
